 Dungeon Crawl Stone Soup version 0.30-a0-585-g93115170b9 (webtiles) character file.

Game seed: 4124607191746062032

108 wormed the Sneak (level 5, -3/33 HPs)
             Began as a Kobold Delver on Jan 1, 2023.
             Slain by Grinder (4 damage)
             ... on level 3 of the Dungeon.
             The game lasted 00:03:17 (1607 turns).

wormed the Sneak (Kobold Delver)                    Turns: 1607, Time: 00:03:18

Health: -3/33      AC:  3    Str:  9    XL:     5   Next: 12%
Magic:  5/5        EV: 15    Int: 11    God:
Gold:   51         SH:  0    Dex: 19    Spells: 4/4 levels left

rFire   . . .      SeeInvis .    a - +0 short sword
rCold   . . .      Faith    .    (no shield)
rNeg    . . .      Spirit   .    b - +0 leather armour
rPois   .          Reflect  .    (no helmet)
rElec   .          Harm     .    (no cloak)
rCorr   .          Rampage  .    (no gloves)
Will    .....                    (no boots)
Stlth   +++++                    (no amulet)
HPRegen 0.25/turn                (no ring)
MPRegen 0.09/turn                (no ring)

@: hasted, very quick
A: small, no large weapons, nightstalker 3
a: no special abilities


You were on level 3 of the Dungeon.
You visited 1 branch of the dungeon, and saw 5 of its levels.

You collected 51 gold pieces.

Inventory:

Hand Weapons
 a - a +0 short sword (weapon)
Armour
 b - a +0 leather armour (worn)
Jewellery
 d - a ring of ice
 h - a ring of positive energy
 p - a +6 ring of strength
Wands
 g - a wand of digging (3)
Scrolls
 c - 2 scrolls of fog
 j - 3 scrolls of blinking
 k - a scroll of amnesia
 m - 2 scrolls of immolation
 q - a scroll of fear
Potions
 e - a potion of brilliance
 f - a potion of haste
 l - 2 potions of mutation
 r - a potion of heal wounds {unknown}
 t - a potion of curing {unknown}


   Skills:
 + Level 3.9 Fighting
 * Level 4.6 Short Blades
 + Level 3.3 Dodging
 + Level 7.2 Stealth


You had 4 spell levels left.
You didn't know any spells.
Your spell library was empty.

Dungeon Overview and Level Annotations

Branches:
Dungeon (5/15)
 Temple: D:4-7

Altars:

Shops:
D:1 :

Annotations:
D:3 Grinder


Innate Abilities, Weirdness & Mutations

You are small and have problems with some larger weapons.
You are completely attuned to the shadows.


Message History

No target in view!
No target in view!
No target in view!
HP restored.
You now have 46 gold pieces (gained 11).
A rat comes into view.
A rat is nearby!
A rat is nearby!
You barely miss the rat. The rat bites you but does no damage.
You hit the rat.
You kill the rat!
No target in view!
No target in view!
You now have 51 gold pieces (gained 5).
Found a scroll of noise.
Found a falchion.
Found a stone staircase leading down.
You see here a +0 falchion.
There is a stone staircase leading down here.
Grinder comes into view.
Grinder is nearby!
Grinder is nearby!
Grinder is nearby!
You see here a scroll of identify.
The helpless Grinder fails to defend herself.
You impale Grinder!!
Grinder is almost dead.
Grinder gestures at you.
You suddenly lose the ability to move!
Grinder hits you! Grinder hits you. Grinder hits you. Grinder hits you!
You writhe in agony.
Grinder blinks!
You can move again.
You feel yourself speed up. Grinder hits you!
* * * LOW HITPOINT WARNING * * *
You writhe in agony.
You die...

#. #.##
#..##
.##.5.###
....@....
###...###
##?## #.#
#.# #.#
#.# #.#
#.# #####
#


You could see Grinder.

Vanquished Creatures
  Natasha (D:4)
  5 adders
  A dart slug (D:1)
  3 ball pythons
  4 endoplasms
  2 giant cockroaches
  A goblin (D:2)
  2 hobgoblins (D:1)
  4 quokkas
  3 bats (D:2)
  5 frilled lizards
  3 kobolds
  6 rats
40 creatures vanquished.

Notes
Turn   | Place    | Note
-------+----------+-------------------------------------------
     0 | D:5      | wormed the Kobold Delver began the quest for the Orb.
     0 | D:5      | Reached XP level 1. HP: 14/14 MP: 1/1
    18 | D:5      | Noticed a hound
    37 | D:5      | Reached XP level 2. HP: 19/19 MP: 2/2
    67 | D:4      | Noticed Natasha
    71 | D:4      | Killed Natasha
    72 | D:4      | Reached XP level 3. HP: 23/23 MP: 3/3
   188 | D:1      | Found Kuhavig's Book Boutique.
   239 | D:1      | Found a faded altar of an unknown god.
   250 | D:1      | Reached skill level 7 in Stealth
   393 | D:1      | Reached XP level 4. HP: 29/29 MP: 4/4
  1493 | D:3      | Reached XP level 5. HP: 30/33 MP: 5/5
  1595 | D:3      | Noticed Grinder
  1599 | D:3      | Paralysed by Grinder for 5 turns
  1607 | D:3      | HP: 1/33 [Grinder (9)]
  1607 | D:3      | Slain by Grinder

Illustrated notes

Levels and vault maps discovered:
D:1:      ncdulo_wetmaze, layout_rooms, serial_shops, nicolae_lakefront_shop,
          dreamdust_ecumenical_altar_grove
D:2:      layout_loops_cross
D:3:      cheibrodos_pilgrimage, layout_loops_ring,
          mainiacjoe_overflow_six_doors_small, uniq_grinder
D:4:      layout_loops_ring, lightli_temple_of_fire, serial_shops,
          nicolae_shop_waterfront, minmay_misc_feat_iff, uniq_natasha
D:5:      layout_loops_ring, kennysheep_generic_room_9

Skill      XL: |  1  2  3  4 |
---------------+-------------+-----
Short Blades   | 3 4 |  4.6
Dodging        | 3 |  3.3
Stealth        | 7 |  7.2
Fighting       | |  3.9

Action                   |  1- 3 |  4- 6 || total
-------------------------+-------+-------++-------
Melee: Short sword       |    17 |    63 ||    80
  Use: Scroll            |     2 |     8 ||    10
       Potion            |       |     1 ||     1
 Stab: Sleeping          |    12 |    14 ||    26
Armor: Leather armour    |       |     9 ||     9
Dodge: Dodged            |     4 |    28 ||    32

Table legend: (Time is in decaauts)
 A = Elapsed time spent in this place.
 B = Non-inter-level travel time spent in this place.
 C = Inter-level travel time spent in this place.
 D = Time resting spent in this place.
 E = Time spent auto-exploring this place.
 F = Levels seen in this place.
 G = Mean time per level.
                   A        B        C        D        E       F      G
               +--------+--------+--------+--------+--------+-----+--------+
         Total |   1601 |   1485 |    116 |     39 |   1127 |   5 |  320.2 |
       Dungeon |   1601 |   1485 |    116 |     39 |   1127 |   5 |  320.2 |
               +--------+--------+--------+--------+--------+-----+--------+

Top non-repeatable levels by time:
     D:2: 793 daAuts
     D:1: 573 daAuts
     D:3: 139 daAuts
     D:4: 47 daAuts
     D:5: 46 daAuts
